 Dungeon Crawl Stone Soup version 0.31-a0-986-g5e6e4ef867 (webtiles) character file.

Game seed: 7915414136829760941

14 jlumianski the Ruffian (level 2, 0/34 HPs)
             Began as a Gnoll Shapeshifter on Nov 5, 2023.
             Slain by a kobold
             ... wielding a +0 dagger
              (1 damage)
             ... on level 2 of the Dungeon.
             The game lasted 00:01:06 (204 turns).

jlumianski the Ruffian (Gnoll Shapeshifter)          Turns: 204, Time: 00:01:08

Health: 0/34       AC: 21    Str: 13    XL:     2   Next: 45%
Magic:  2/2        EV:  2    Int:  9    God:
Gold:   8          SH:  0    Dex: 11    Spells: 1/1 levels left

rFire   . .          .
                       - Unarmed
rCold   . . .        (no shield)
rNeg    . . .        a - melded +0 animal skin
rPois   +            (helmet currently unavailable)
rElec   .            (cloak currently unavailable)
rCorr   .            (gloves currently unavailable)
SInv    .            (boots currently unavailable)
Will    .....        (no amulet)
Stlth   +            (no ring)
HPRegen 0.25/turn    (no ring)
MPRegen 0.08/turn

%: no passive effects
@: lethally poisoned (0 -> -3), tree-form
A: stationary, stasis, torment immunity, boosted hp, (fangs 1), strong nose,
distributed training
a: no special abilities


You were on level 2 of the Dungeon.
You were a tree.
You visited 1 branch of the dungeon, and saw 2 of its levels.

You collected 8 gold pieces.

Inventory:

Missiles
 f - 6 poisoned darts (quivered)
Armour
 a - a +0 animal skin (melded)
Talismans
 c - a beast talisman
 d - a flux talisman
Wands
 g - a wand of digging (5)
Scrolls
 e - 2 scrolls of enchant armour {unknown}


   Skills:
 + Level 2.5 Fighting
 + Level 0.4 Short Blades
 + Level 0.4 Long Blades
 + Level 0.4 Axes
 + Level 0.4 Maces & Flails
 + Level 0.4 Polearms
 + Level 0.4 Staves
 + Level 0.4 Ranged Weapons
 + Level 0.4 Throwing
 + Level 0.4 Armour
 + Level 4.5 Dodging
 + Level 0.4 Stealth
 + Level 0.4 Shields
 + Level 6.5 Unarmed Combat
 + Level 0.4 Spellcasting
 + Level 0.2 Conjurations
 + Level 0.2 Hexes
 + Level 0.2 Summonings
 + Level 0.2 Necromancy
 + Level 0.2 Translocations
 + Level 0.2 Transmutations
 + Level 0.2 Fire Magic
 + Level 0.2 Ice Magic
 + Level 0.2 Air Magic
 + Level 0.2 Earth Magic
 + Level 0.2 Poison Magic
 + Level 0.5 Invocations
 + Level 0.4 Evocations
 + Level 6.4 Shapeshifting


You had one spell level left.
You didn't know any spells.
Your spell library was empty.

Dungeon Overview and Level Annotations

Branches:
Dungeon (2/15)

Altars:


Innate Abilities, Weirdness & Mutations

You are a tree.
Your roots penetrate the ground, keeping you stationary.
You cannot be teleported.
You are immune to unholy pain and torment.
Your maximum health is greatly increased.
Your equipment is partially melded.
((You have very sharp teeth.))
Your uncanny sense of smell can sniff out nearby items.
Your experience applies equally to all skills.


Message History

You kill the goblin!
You see here a +0 club.
You see here a ball python corpse.
There is a stone staircase leading up here.
A kobold comes into view. It is wielding a +0 dagger.
Found a stone staircase leading up.
The kobold shouts!
The adder hisses angrily.
You hit the kobold.
The kobold is moderately wounded.
The adder closely misses you.
You closely miss the kobold.
The kobold is moderately wounded.
The adder bites you.
You are poisoned.
The adder poisons you! The kobold hits you with a +0 dagger.
You barely miss the adder. Your bite misses the adder.
You feel sick. The adder bites you.
You are more poisoned.
The adder poisons you! The kobold hits you but does no damage.
The adder bites you but does no damage.
You closely miss the adder.
You feel sick. The kobold closely misses you. The adder bites you.
You hit the adder.
The adder is lightly wounded.
You feel sick. The adder bites you. The kobold hits you with a +0 dagger.
* * * LOW HITPOINT WARNING * * *
You punch the adder!
The adder is almost dead.
* * * LOW HITPOINT WARNING * * *
You feel sick. The adder closely misses you.
The kobold hits you but does no damage.
Your transformation has ended.
You turn into a tree.
Your +0 animal skin melds into your body.
Your roots penetrate the ground.
* * * LOW HITPOINT WARNING * * *
You feel sick. The adder bites you but does no damage.
The kobold hits you with a +0 dagger.
You die...

≈ ### #~ #.. ## #..
... .# #.. .#..# #.#
.#.... #..g.###..#
.#.... .h........####
#.....#
#.h###g.....$.. .....#
.......####....##S...#
######h# #..♣.#.# #>#
###K...# #S# #..#.#
#.# #..# #
#.#########..#
#.......)†<..#
#.##########...# #.#
#..# #.# <.#


You could see an adder and a kobold.

Vanquished Creatures
  A dart slug (D:1)
  2 ball pythons
  An endoplasm (D:1)
  A hobgoblin (D:1)
  3 jackals (D:2)
  A quokka (D:1)
  A goblin (D:2)
10 creatures vanquished.

Notes
Turn   | Place    | Note
-------+----------+-------------------------------------------
     0 | D:1      | jlumianski the Gnoll Shapeshifter began the quest for the
                  | Orb.
     0 | D:1      | Reached XP level 1. HP: 17/17 MP: 1/1
   115 | D:1      | Reached XP level 2. HP: 16/23 MP: 2/2
   204 | D:2      | HP: 1/34 [poisoned by an adder]
   204 | D:2      | Slain by a kobold

Illustrated notes

Levels and vault maps discovered:
D:1:      dpeg_arrival_shrine, layout_basic, serial_shops,
          nicolae_shop_temple_entry_statues_fountains, shop,
          dreamdust_mushroom_princess
D:2:      kennysheep_big_flooded_room, layout_rooms, minmay_misc_feat_room,
          fountainhead

Action                     || total
---------------------------++-------
  Melee: Unarmed           ||    26
         Bite              ||     1
    Use: Potion            ||     1
 Armour: Animal skin       ||    16
         Skin              ||     2
  Dodge: Dodged            ||    22

Table legend: (Time is in decaauts)
 A = Elapsed time spent in this place.
 B = Non-inter-level travel time spent in this place.
 C = Inter-level travel time spent in this place.
 D = Time resting spent in this place.
 E = Time spent auto-exploring this place.
 F = Levels seen in this place.
 G = Mean time per level.
                   A        B        C        D        E       F      G
               +--------+--------+--------+--------+--------+-----+--------+
         Total |    201 |    201 |      0 |     21 |     69 |   2 |  100.5 |
       Dungeon |    201 |    201 |      0 |     21 |     69 |   2 |  100.5 |
               +--------+--------+--------+--------+--------+-----+--------+

Top non-repeatable levels by time:
     D:1: 144 daAuts
     D:2: 56 daAuts
